 Dungeon Sprint DCSS version 0.30.1-11-g7821555f0a (webtiles) character file.

Game seed: 15495104914950475769

187 Heoruswealwe the Spear-Bearer (level 5, -10/52 HPs)
             Began as a Minotaur Fighter on Nov 9, 2023.
             Was an Initiate of Gozag.
             Mangled by a two-headed ogre
             ... wielding a +0 giant club
              (11 damage)
             ... in the Dungeon (Sprint IX: "|||||||||||||||||||||||||||||").
             The game lasted 00:01:38 (180 turns).

Heoruswealwe the Spear-Bearer (Minotaur Fighter)     Turns: 180, Time: 00:01:39

Health: -10/52     AC: 13    Str: 26    XL:     5   Next: 39%
Magic:  4/4        EV:  9    Int:  5    God:    Gozag
Gold:   0          SH:  0    Dex:  9    Spells: 4/4 levels left

rFire   . . .        b - +2 halberd of the Puckish God {heavy, rPois}
rCold   . . .        (shield currently unavailable)
rNeg    . . .        c - +1 chain mail
rPois   +            (helmet restricted)
rElec   .            (no cloak)
rCorr   .            f - +0 pair of gloves
SInv    .            (no boots)
Will    .....        (no amulet) Stlth
                     k - +3 ring of strength
HPRegen 0.28/turn    (no ring)
MPRegen 0.09/turn

%: no teleportation
@: no status effects
A: horns 2, retaliatory headbutt
a: Renounce Religion, Potion Petition, Call Merchant, Bribe Branch


You were in the Dungeon.
You worshipped Gozag.
Gozag was noncommittal.
You visited 1 branch

Inventory:

Hand Weapons
 a - a +0 trident
 b - the +2 halberd of the Puckish God (weapon) {heavy, rPois}
   (You found it in the Dungeon)

   rPois:     It protects you from poison.
Armour
 c - a +1 chain mail (worn)
 d - a +0 buckler
 f - a +0 pair of gloves (worn)
Jewellery
 k - a +3 ring of strength (left hand)
Wands
 h - a wand of iceblast (10)
Scrolls
 j - 2 scrolls of blinking
Potions
 e - 5 potions of curing
 g - a potion of haste
 i - a potion of berserk rage
 l - 3 potions of heal wounds
 m - a potion of might


   Skills:
 + Level 7.6 Fighting
 * Level 9.7 Polearms
 + Level 7.6 Armour
 - Level 3.6 Shields


You had 4 spell levels left.
You didn't know any spells.
Your spell library was empty.

Dungeon Overview and Level Annotations

Branches:
Dungeon (1/1)

Altars:
Cheibriados
Dithmenos
Elyvilon
Fedhas
Gozag
Hepliaklqana
Kikubaaqudgha
Makhleb
Nemelex Xobeh
Okawaru
Qazlal
Ru
Sif Muna
Trog
Uskayaw
Vehumet
Wu Jian
Xom
Yredelemnul
Zin
The Shining One
Jiyva
Lugonu


Innate Abilities, Weirdness & Mutations

You have a pair of horns on your head.
You reflexively headbutt those who attack you in melee.


Message History

You start putting on your armour.
You continue putting on your +1 chain mail. x4
You finish putting on your +1 chain mail.
You see here a +0 pair of gloves.
You start putting on your armour.
You continue putting on your +0 pair of gloves. x4
You finish putting on your +0 pair of gloves.
Adjust (i)tems, (s)pells, or (a)bilities?
l - a +0 pair of gloves (worn)
Adjust to which letter? (? for menu, Esc to quit)
f - a +0 pair of gloves (worn);
l - 3 potions of heal wounds You see here a +3 ring of dexterity.
m - a +3 ring of dexterity You drop a +3 ring of dexterity.
You see here a +3 ring of strength.
You feel stronger.
m - a +3 ring of strength (left hand) Adjust (i)tems, (s)pells, or (a)bilities?
m - a +3 ring of strength (left hand) Adjust to which letter? (? for menu, Esc to quit)
k - a +3 ring of strength (left hand);
m - a potion of might You start resting.
HP restored.
You open the door.
A vampire mosquito, a killer bee, 2 two-headed ogres, a centaur and a yak come into view.
The two-headed ogre shouts in stereo!
The vampire mosquito buzzes angrily.
The killer bee buzzes angrily.
The two-headed ogre shouts in stereo!
The centaur shouts!
The yak bellows!
You dice the two-headed ogre like an onion!!!
The two-headed ogre is severely wounded.
The two-headed ogre hits you with a +0 giant club!!
The two-headed ogre hits you with a +0 giant club.
You completely miss the two-headed ogre.
The two-headed ogre is severely wounded.
The two-headed ogre hits you with a +0 giant club!!
Ouch! That really hurt!
* * * LOW HITPOINT WARNING * * *
The two-headed ogre hits you with a +0 giant club!
You die...
Your body crumbles into a pile of gold.

▓!▓
$
▓?▓
$
▓)▓
$
▓[▓
$
▓[▓
▓=▓
$
▓.▓
▓.▓
$
▓@▓
▓O▓
$
▓y▓
$
▓O▓
$
▓y▓
$
▓c▓
$ $
▓Y▓
$
▓.▓
$


You could see 2 two-headed ogres, a yak, a vampire mosquito, a centaur and a
killer bee.

Vanquished Creatures
  A black bear (D)
  An orc priest (D)
  2 hounds (D)
  An orc (D)
  A ball python (D)
  A giant cockroach (D)
  2 goblins (D)
  A kobold (D)
10 creatures vanquished.

Notes
Turn   | Place    | Note
-------+----------+-------------------------------------------
     0 | D        | Heoruswealwe the Minotaur Fighter began the quest for the
                  | Orb.
     0 | D        | Reached XP level 1. HP: 19/19 MP: 0/0
     6 | D        | Reached skill level 3 in Polearms
    19 | D        | Noticed a black bear
    19 | D        | Noticed an orc priest
    19 | D        | Noticed a hound
    19 | D        | Noticed a hound
    26 | D        | Killed a black bear
    27 | D        | Reached skill level 7 in Polearms
    27 | D        | Reached XP level 2. HP: 10/31 MP: 1/1
    27 | D        | Reached XP level 3. HP: 12/38 MP: 2/2
    27 | D        | Reached XP level 4. HP: 15/45 MP: 3/3
    32 | D        | Reached skill level 8 in Polearms
    41 | D        | Reached skill level 9 in Polearms
    41 | D        | Reached XP level 5. HP: 19/52 MP: 4/4
    52 | D        | Found a snail-covered altar of Cheibriados.
    52 | D        | Found a shadowy altar of Dithmenos.
    52 | D        | Found a white marble altar of Elyvilon.
    52 | D        | Found a blossoming altar of Fedhas.
    52 | D        | Found an opulent altar of Gozag.
    53 | D        | Found a hazy altar of Hepliaklqana.
    54 | D        | Found a viscous altar of Jiyva.
    55 | D        | Found an ancient bone altar of Kikubaaqudgha.
    56 | D        | Found a corrupted altar of Lugonu.
    57 | D        | Found a burning altar of Makhleb.
    58 | D        | Found a sparkling altar of Nemelex Xobeh.
    59 | D        | Found an iron altar of Okawaru.
    60 | D        | Became a worshipper of Gozag Ym Sagoz the Greedy
    61 | D        | Found a stormy altar of Qazlal.
    62 | D        | Found a sacrificial altar of Ru.
    63 | D        | Found a shimmering blue altar of Sif Muna.
    64 | D        | Found a bloodstained altar of Trog.
    65 | D        | Found a hide-covered altar of Uskayaw.
    66 | D        | Found a radiant altar of Vehumet.
    67 | D        | Found an ornate altar of the Wu Jian Council.
    68 | D        | Found a shimmering altar of Xom.
    69 | D        | Found a basalt altar of Yredelemnul.
    70 | D        | Found a glowing silver altar of Zin.
    71 | D        | Found a glowing golden altar of the Shining One.
    87 | D        | Got the +2 halberd of the Puckish God {heavy, rPois}
   178 | D        | Noticed a two-headed ogre
   178 | D        | Noticed a vampire mosquito
   178 | D        | Noticed a two-headed ogre
   178 | D        | Noticed a centaur
   178 | D        | Noticed a yak
   180 | D        | HP: 1/52 [two-headed ogre/+0 giant club (28)]
   180 | D        | Mangled by a two-headed ogre

Illustrated notes

Levels and vault maps discovered:
D:        linesprint [early_d, line_temple, items_1, d_10, items_2, lair_1,
          lair_end, items_3, orc_1, orc_end, items_4, d_15, swamp_1, shoals_1,
          snake_1, spider_1, d_20, vaults_1, items_5, swamp_end, shoals_end,
          snake_end, spider_end, vaults_end, d_27, items_6, zot_1, zot_end,
          crypt_end, forest_end, elf_end, slime_end, tomb_end, abyss_end,
          pan_hell_end]

Skill      XL: |  1  2  3  4 |
---------------+-------------+-----
Polearms       | 7 9 |  9.7
Fighting       | 6 7 |  7.6
Armour         | 6 7 |  7.6
Shields        | |  3.6

Action                     |  1- 3 |  4- 6 || total
---------------------------+-------+-------++-------
  Melee: Trident           |    14 |    19 ||    33
         Headbutt          |     2 |     5 ||     7
         Halberd           |       |     2 ||     2
 Armour: Scale mail        |    11 |     5 ||    16
  Dodge: Dodged            |     1 |     8 ||     9
  Block: Buckler           |     5 |     4 ||     9
